 Dungeon Sprint DCSS version 0.26-a0-1033-gd598b01645 (webtiles) character file.

Game seed: 7431789988910045931

14259 mhtbhm the Spry (level 11, -20/67 HPs)
             Began as a Spriggan Hunter on Dec 10, 2020.
             Was a High Priest of Okawaru.
             Demolished by an orc knight
             ... wielding a +0 long sword
              (30 damage)
             ... in the Dungeon (Sprint IX: "|||||||||||||||||||||||||||||").
             The game lasted 00:09:41 (5106 turns).

mhtbhm the Spry (Spriggan Hunter)                   Turns: 5106, Time: 00:09:41

Health: -20/67     AC:  5    Str:  8    XL:     11   Next: 86%
Magic:  10/12      EV: 42    Int: 14    God:    Okawaru [*****.]
Gold:   1220       SH:  0    Dex: 25    Spells: 10/10 levels left

rFire    . . .     SeeInvis +   b - +3 dagger (distort)
rCold    . . .     Faith    .   (shield restricted)
rNeg     . . .     Spirit   .   c - +0 robe
rPois    .         Reflect  .   (helmet restricted)
rElec    .         Harm     .   x - +2 cloak
rCorr    .         Rampage  .   (gloves unavailable)
Will     +....     NoTele   +   (boots unavailable)
Stlth    +++++++...             (no amulet)
HPRegen  0.21/turn              n - +3 ring of dexterity
MPRegen  0.13/turn              o - +3 ring of dexterity

@: heroism, very quick
A: very small, unfitting armour, see invisible, speed 3
a: Heroism, Finesse, Renounce Religion


You were in the Dungeon.
You worshipped Okawaru.
Okawaru was extremely pleased with you.
You visited 1 branch You collected 1220 gold pieces.

Inventory:

Hand Weapons
 a - a +1 shortbow
 b - a +3 dagger of distortion (weapon)
Missiles
 d - 69 arrows
 z - 8 curare-tipped darts (quivered)
Armour
 c - a +0 robe (worn)
 x - a +2 cloak (worn)
Jewellery
 n - a +3 ring of dexterity (left hand)
 o - a +3 ring of dexterity (right hand)
Wands
 w - a wand of enslavement (2)
 y - a wand of acid (4)
Scrolls
 j - 2 scrolls of blinking
 k - 4 scrolls of remove curse
 l - 2 scrolls of amnesia
 r - 2 scrolls of enchant weapon
 s - a scroll of fog
 t - a scroll of identify
 v - a scroll of enchant armour
Potions
 e - 3 potions of curing
 f - a potion of invisibility
 g - a potion of haste
 h - 4 potions of magic
 i - a potion of heal wounds
 m - a potion of brilliance
 p - 3 potions of resistance
 q - a potion of might
 u - a potion of berserk rage


   Skills:
 + Level 12.6(17.6) Fighting
 + Level 11.7(16.7) Short Blades
 + Level 19.3(24.3) Bows
 + Level 19.4(24.4) Dodging
 + Level 11.5(16.5) Stealth
 + Level 6.7 Evocations


You had 10 spell levels left.
You didn't know any spells.
Your spell library was empty.

Dungeon Overview and Level Annotations

Branches:
Dungeon (1/1)

Altars:
Cheibriados
Dithmenos
Elyvilon
Fedhas
Gozag
Hepliaklqana
Kikubaaqudgha
Makhleb
Nemelex Xobeh
Okawaru
Qazlal
Ru
Sif Muna
Trog
Uskayaw
Vehumet
Wu Jian
Xom
Yredelemnul
Zin
The Shining One
Beogh
Jiyva
Lugonu

Shops:
D ([:(


Innate Abilities, Weirdness & Mutations

You are very small and have problems with some larger weapons.
You are too small for most types of armour.
You have supernaturally acute eyesight. (SInv)
You cover ground extremely quickly.


Message History

The orc knight is heavily wounded.
The orc knight blinks!
An orc high priest comes into view. It is wielding a +0 broad axe.
You see here a +0 dagger.
Evoke which item? (* to show all) (? for menu, Esc to quit)
Okay, then.
You feel better. The orc knight closely misses you.
Okay, then.
You gain the combat prowess of a mighty hero.
You hit the orc knight but do no damage.
Space warps horribly around the orc knight!
The orc knight is heavily wounded.
The orc knight completely misses you.
You hit the orc knight.
Space bends around the orc knight.
The orc knight is severely wounded.
You hit the orc knight.
Space warps horribly around the orc knight!
The orc knight is almost dead.
The orc knight hits you with a +0 long sword!!
You die...

▓<.÷.)).(..')....'__________
▓▓▓▓▓▓▓▓▓▓▓▓▓▓▓▓▓▓▓▓▓▓▓▓▓▓▓▓
▓................)..........
▓.▓▓▓▓▓▓▓▓▓▓▓▓▓▓▓▓▓▓▓▓▓▓▓▓▓▓
▓.......'......)[.....'.....
▓▓▓▓▓▓▓▓▓▓▓▓▓▓▓▓▓▓▓▓▓▓▓▓▓▓▓▓
▓...........................
▓.▓▓▓▓▓▓▓▓▓▓▓▓▓▓▓▓▓▓▓▓▓▓▓▓▓▓
▓........)o@[)'..)[.......).
▓▓▓▓▓▓▓▓▓▓▓▓▓▓▓▓▓▓▓▓▓▓▓▓▓▓▓▓


You could see an orc knight (strong).

Vanquished Creatures
  An orc high priest (D)
  Sonja (D)
  An unseen horror (D)
  2 orc knights (D)
  Maurice (D)
  6 elephants (D)
  2 cane toads (D)
  Psyche (D)
  2 komodo dragons (D)
  A troll (D)
  2 blink frogs (D)
  A basilisk (D)
  A wraith (D)
  2 yaks (D)
  A soldier ant (D)
  A water moccasin (D)
  2 black bears (D)
  8 orc warriors (D)
  A sky beast (D)
  2 wolves (D)
  3 bullfrogs (D)
  A scorpion (D)
  A wight (D)
  A hound (D)
  An orc priest (D)
  2 orc wizards (D)
  A worker ant (D)
  2 adders (D)
  A shadow imp (D)
  An adder zombie (D)
  A dart slug (D)
  10 orcs (D)
  A goblin (D)
  2 hobgoblins (D)
  A bat (D)
  A kobold (D)
69 creatures vanquished.

Notes
Turn   | Place    | Note
-------+----------+-------------------------------------------
     0 | D        | mhtbhm the Spriggan Hunter began the quest for the Orb.
     0 | D        | Reached XP level 1. HP: 10/10 MP: 2/2
     6 | D        | Reached skill level 5 in Bows
   136 | D        | Noticed a scorpion
   136 | D        | Noticed a sky beast
   143 | D        | Reached XP level 2. HP: 15/15 MP: 3/3
   162 | D        | Killed a scorpion
   163 | D        | Reached XP level 3. HP: 19/19 MP: 4/4
   169 | D        | Killed a sky beast
   170 | D        | Reached skill level 1 in Short Blades
   170 | D        | Reached XP level 4. HP: 24/24 MP: 5/5
   170 | D        | Reached XP level 5. HP: 28/28 MP: 6/6
   177 | D        | Reached skill level 5 in Dodging
   249 | D        | Found a roughly hewn altar of Beogh.
   249 | D        | Found a snail-covered altar of Cheibriados.
   249 | D        | Found a shadowy altar of Dithmenos.
   249 | D        | Found a white marble altar of Elyvilon.
   249 | D        | Found a blossoming altar of Fedhas.
   249 | D        | Found an opulent altar of Gozag.
   250 | D        | Found a hazy altar of Hepliaklqana.
   251 | D        | Found a viscous altar of Jiyva.
   252 | D        | Found an ancient bone altar of Kikubaaqudgha.
   253 | D        | Found a corrupted altar of Lugonu.
   254 | D        | Found a burning altar of Makhleb.
   255 | D        | Found a sparkling altar of Nemelex Xobeh.
   256 | D        | Found an iron altar of Okawaru.
   257 | D        | Found a stormy altar of Qazlal.
   258 | D        | Found a sacrificial altar of Ru.
   259 | D        | Found a shimmering blue altar of Sif Muna.
   260 | D        | Found a bloodstained altar of Trog.
   261 | D        | Found a hide-covered altar of Uskayaw.
   262 | D        | Found a radiant altar of Vehumet.
   263 | D        | Found an ornate altar of the Wu Jian Council.
   264 | D        | Became a worshipper of Warmaster Okawaru
   265 | D        | Found a shimmering altar of Xom.
   266 | D        | Found a basalt altar of Yredelemnul.
   267 | D        | Found a glowing silver altar of Zin.
   268 | D        | Found a glowing golden altar of the Shining One.
   296 | D        | Noticed a wraith
   296 | D        | Noticed an unseen horror
   346 | D        | Killed a wraith
   347 | D        | Reached XP level 6. HP: 26/34 MP: 7/7
   359 | D        | Killed an unseen horror
   359 | D        | Reached * piety under Okawaru
   359 | D        | Reached ** piety under Okawaru
   360 | D        | Reached skill level 5 in Fighting
   360 | D        | Reached skill level 5 in Short Blades
   360 | D        | Reached skill level 15 in Bows
   360 | D        | Reached XP level 7. HP: 27/39 MP: 8/8
   503 | D        | Noticed a yak
   503 | D        | Noticed a troll
   542 | D        | Killed a yak
   543 | D        | Reached XP level 8. HP: 44/44 MP: 9/9
   543 | D        | Killed a troll
   543 | D        | Reached *** piety under Okawaru
  1449 | D        | Noticed Psyche
  1461 | D        | Killed Psyche
  1558 | D        | Noticed a cane toad
  1558 | D        | Noticed a komodo dragon
  1584 | D        | Reached skill level 10 in Dodging
  1584 | D        | Reached skill level 5 in Stealth
  1589 | D        | Reached XP level 9. HP: 46/50 MP: 10/10
  1730 | D        | Killed a cane toad
  1730 | D        | Reached **** piety under Okawaru
  1730 | D        | Received a gift from Okawaru
  1846 | D        | Killed a komodo dragon
  2159 | D        | Noticed a komodo dragon
  2159 | D        | Noticed a cane toad
  2394 | D        | Noticed a six-headed hydra
  2669 | D        | Killed a cane toad
  2965 | D        | Banished a komodo dragon
  2966 | D        | Reached skill level 10 in Short Blades
  2966 | D        | Reached skill level 5 in Evocations
  2966 | D        | Reached XP level 10. HP: 58/58 MP: 11/11
  3269 | D        | Banished a six-headed hydra
  3380 | D        | Noticed an elephant
  3380 | D        | Noticed an elephant
  3380 | D        | Noticed an elephant
  3380 | D        | Noticed an elephant
  3380 | D        | Noticed an elephant
  3380 | D        | Noticed an elephant
  3420 | D        | Killed an elephant
  3420 | D        | Reached ***** piety under Okawaru
  3421 | D        | Reached skill level 10 in Fighting
  3453 | D        | Killed an elephant
  3454 | D        | Reached skill level 15 in Dodging
  3476 | D        | Banished an elephant
  3491 | D        | Noticed an elephant
  3499 | D        | Noticed an elephant
  3509 | D        | Killed an elephant
  3509 | D        | Received a gift from Okawaru
  3726 | D        | Killed an elephant
  3736 | D        | Killed an elephant
  3865 | D        | Banished an elephant
  3893 | D        | Killed an elephant
  3894 | D        | Reached XP level 11. HP: 35/65 MP: 12/12
  4085 | D        | Noticed Maurice
  4114 | D        | Killed Maurice
  4165 | D        | Noticed Sonja
  4240 | D        | Noticed an orc knight
  4265 | D        | Killed an orc knight
  4438 | D        | Killed Sonja
  4438 | D        | Received a gift from Okawaru
  4684 | D        | Noticed an orc knight
  4703 | D        | Banished an orc knight
  4765 | D        | Found Izeorph's Weapon Emporium.
  4765 | D        | Noticed an orc knight
  4765 | D        | Noticed an orc knight
  4765 | D        | Noticed an orc knight
  4765 | D        | Noticed an orc knight
  4765 | D        | Noticed an orc knight
  4766 | D        | Noticed an orc high priest
  4769 | D        | Banished an orc knight
  4770 | D        | Reached skill level 10 in Stealth
  4771 | D        | Banished an orc knight
  4772 | D        | Found Dekhureg's Armour Shoppe.
  4772 | D        | Noticed an orc knight
  4773 | D        | Banished an orc knight
  4778 | D        | Banished an orc knight
  4781 | D        | Banished an orc knight
  4782 | D        | Found Leguntets's Book Emporium.
  4804 | D        | Noticed an orc knight
  4805 | D        | Killed an orc knight
  4805 | D        | Received a gift from Okawaru
  4806 | D        | Found Eqogas's Weapon Shoppe.
  4808 | D        | Noticed an orc knight
  4809 | D        | Killed an orc high priest
  5080 | D        | Banished an orc knight
  5101 | D        | Noticed an orc high priest
  5106 | D        | Demolished by an orc knight

Illustrated notes

Levels and vault maps discovered:
D:        linesprint [early_d, line_temple, items_1, d_10, items_2, lair_1,
          lair_end, items_3, orc_1, orc_end, items_4, d_15, swamp_1, shoals_1,
          snake_1, spider_1, d_20, vaults_1, items_5, swamp_end, shoals_end,
          snake_end, spider_end, vaults_end, d_27, items_6, zot_1, zot_end,
          crypt_end, forest_end, elf_end, slime_end, tomb_end, abyss_end,
          pan_hell_end]

Skill      XL: |  1  2  3  4  5  6  7  8  9 10 11 |
---------------+----------------------------------+-----
Bows           | 6 9 11 13 15 16 17 18 19 | 19.3
Fighting       | 2 3 4 5 7 9 11 12 | 12.6
Short Blades   | 1 3 5 6 8 10 11 | 11.7
Dodging        | 4 6 7 8 10 13 16 19 | 19.4
Stealth        | 2 3 4 5 8 11 | 11.5
Evocations     | 2 4 5 6 |  6.7

Action                   |  1- 3 |  4- 6 |  7- 9 | 10-12 || total
-------------------------+-------+-------+-------+-------++-------
Melee: Short sword       |    10 |    15 |    78 |       ||   103
       Dagger            |       |       |    68 |   260 ||   328
 Fire: Shortbow          |    25 |    19 |    73 |    84 ||   201
Invok: Heroism           |       |       |       |     1 ||     1
Evoke: Wand              |       |     4 |     6 |     4 ||    14
  Use: Potion            |     2 |     1 |       |     4 ||     7
       Scroll            |       |       |     1 |       ||     1
 Stab: Sleeping          |       |       |     1 |     2 ||     3
       Distracted        |       |       |       |     2 ||     2
Armor: Robe              |     1 |       |     2 |     7 ||    10
Dodge: Dodged            |    18 |    24 |   142 |   202 ||   386

Table legend: (Time is in decaauts)
 A = Elapsed time spent in this place.
 B = Non-inter-level travel time spent in this place.
 C = Inter-level travel time spent in this place.
 D = Time resting spent in this place.
 E = Time spent auto-exploring this place.
 F = Levels seen in this place.
 G = Mean time per level.
                   A        B        C        D        E       F      G
               +--------+--------+--------+--------+--------+-----+--------+
         Total |   4342 |   4342 |      0 |   2857 |    190 |   1 | 4342.0 |
       Dungeon |   4342 |   4342 |      0 |   2857 |    190 |   1 | 4342.0 |
               +--------+--------+--------+--------+--------+-----+--------+

Top non-repeatable levels by time:
       D: 4342 daAuts
